 Dungeon Crawl Stone Soup version 0.30-a0-330-g8f2769a82d (webtiles) character file.

Game seed: 17883682906330368099

1 Kirkhe the Conjurer (level 1, -3/16 HPs)
             Began as a Demonspawn Reaver on Oct 28, 2022.
             Slain by a kobold
             ... wielding a +4 short sword
              (6 damage)
             ... on level 1 of the Dungeon.
             The game lasted 00:00:30 (89 turns).

Kirkhe the Conjurer (Demonspawn Reaver)               Turns: 89, Time: 00:00:30

Health: -3/16      AC:  3    Str: 12    XL:     1   Next: 16%
Magic:  3/3        EV: 11    Int: 14    God:
Gold:   10         SH:  0    Dex: 11    Spells: 3/4 levels left

rFire   . . .      SeeInvis .    a - +0 hand axe
rCold   . . .      Faith    .    (no shield)
rNeg    . . .      Spirit   .    b - +0 leather armour
rPois   .          Reflect  .    (no helmet)
rElec   .          Harm     .    c - scarf {+Inv}
rCorr   .          Rampage  .    (no gloves)
Will    .....                    (no boots)
Stlth   +.........               (no amulet)
HPRegen 0.22/turn                (no ring)
MPRegen 0.08/turn                (no ring)

@: no status effects
A: no striking features
a: Evoke Invisibility


You were on level 1 of the Dungeon.
You visited 1 branch of the dungeon, and saw 1 of its levels.

You collected 10 gold pieces.

Inventory:

Hand Weapons
 a - a +0 hand axe (weapon)
Armour
 b - a +0 leather armour (worn)
 c - a scarf of invisibility (worn)


   Skills:
 + Level 2.0 Fighting
 + Level 2.7 Axes
 + Level 1.7 Dodging
 + Level 2.0 Spellcasting
 + Level 3.0 Conjurations


You had 3 spell levels left.
You knew the following spells:

 Your Spells              Type           Power      Damage    Failure   Level
a - Kiss of Death         Conj/Necr      20%        2d7       16%         1

Your spell library contained the following spells:

 Spells                   Type           Power      Damage    Failure   Level
 Momentum Strike          Conj/Tloc      10%        3d8       24%         2
 Hailstorm                Conj/Ice       5%         3d4       43%         3


Dungeon Overview and Level Annotations

Branches:
Dungeon (1/15)

Altars:


Message History

You finish putting on your scarf of invisibility.
You become transparent for a moment.
Okay, then.
Unknown command.
You see here a +0 whip.
You now have 10 gold pieces.
You open the door.
There is an open door here.
Found 4 stones.
A kobold comes into view. It is wielding a +4 short sword.
A kobold is nearby!
The kobold hits you with a +4 short sword.
You hit the kobold.
The kobold is severely wounded.
The kobold hits you with a +4 short sword.
You are too injured to fight recklessly!
You are too injured to fight recklessly!
You barely miss the kobold.
The kobold is severely wounded.
The kobold barely misses you.
Unknown command.
You hit the kobold but do no damage.
The kobold is severely wounded.
The kobold hits you with a +4 short sword.
Unknown command.
You closely miss the kobold.
The kobold is severely wounded.
The kobold hits you but does no damage.
You barely miss the kobold.
The kobold is severely wounded.
The kobold hits you with a +4 short sword.
* * * LOW HITPOINT WARNING * * *
Unknown command.
You completely miss the kobold.
The kobold is severely wounded.
The kobold misses you.
You barely miss the kobold.
The kobold is severely wounded.
The kobold hits you with a +4 short sword.
You die...

.# .# . #.# ##. #.# #..
#.# ###.# #.## ##.#.#
#..##
####....##########...###
+...(.K@................
####...###.#######...###
##.. #.# #..## ##. #.#
#.## ## #. ... #.# #. ##
### ### #† #####. #.....
#.....


You could see a kobold.

Vanquished Creatures
  A hobgoblin (D:1)
1 creature vanquished.

Notes
Turn   | Place    | Note
-------+----------+-------------------------------------------
     0 | D:1      | Kirkhe the Demonspawn Reaver began the quest for the Orb.
     0 | D:1      | Reached XP level 1. HP: 16/16 MP: 3/3
    89 | D:1      | Slain by a kobold

Illustrated notes

Levels and vault maps discovered:
D:1:      lemuel_arrival_room, layout_loops_corners, serial_shops,
          nicolae_shop_behind_doors

Action                   || total
-------------------------++-------
Melee: Hand axe          ||    12
Armor: Leather armour    ||     2
Dodge: Dodged            ||     3

Table legend: (Time is in decaauts)
 A = Elapsed time spent in this place.
 B = Non-inter-level travel time spent in this place.
 C = Inter-level travel time spent in this place.
 D = Time resting spent in this place.
 E = Time spent auto-exploring this place.
 F = Levels seen in this place.
 G = Mean time per level.
                   A        B        C        D        E       F      G
               +--------+--------+--------+--------+--------+-----+--------+
         Total |     90 |     90 |      0 |      0 |     58 |   1 |   90.0 |
       Dungeon |     90 |     90 |      0 |      0 |     58 |   1 |   90.0 |
               +--------+--------+--------+--------+--------+-----+--------+

Top non-repeatable levels by time:
     D:1: 90 daAuts
